 Dungeon Crawl Stone Soup version 0.25-a0-614-g73ad250 (webtiles) character file.

Game seed: 17555671073274114115, levelgen mode: deterministic

157 Faca the Skirmisher (level 5, 0/43 HPs)
             Began as a Human Fighter on Mar 17, 2020.
             Slain by a jelly (2 damage)
             ... on level 2 of the Dungeon.
             The game lasted 00:03:27 (1552 turns).

Faca the Skirmisher (Human Fighter)                 Turns: 1552, Time: 00:03:28

Health: 0/43       AC:  0    Str: 17    XL:     5   Next: 66%
Magic:  5/5        EV:  7    Int:  8    God:
Gold:   167        SH:  9    Dex: 13    Spells: 4/4 levels left

rFire    . . .     SeeInvis .   a - +1 long sword
rCold    . . .     Gourm    .   c - +0 kite shield
rNeg     . . .     Faith    .   b - +0 scale mail
rPois    .         Spirit   .   (no helmet)
rElec    .         Reflect  .   (no cloak)
rCorr    .         Harm     .   g - +0 pair of gloves (curse)
MR       .....                  (no boots)
Stlth    ..........             (no amulet)
HPRegen  0.14/turn              (no ring)
MPRegen  0.09/turn              (no ring)

@: corroded
A: no striking features
a: no special abilities


You were on level 2 of the Dungeon.
You were hungry.

You visited 1 branch of the dungeon, and saw 2 of its levels.

You collected 167 gold pieces.

Inventory:

Hand Weapons
 a - a +1 long sword (weapon)
 j - a +2 short sword of speed
Armour
 b - a +0 scale mail (worn)
 c - a +0 kite shield (worn)
 g - a cursed +0 pair of gloves (worn)
 i - a +1 pair of gloves
Scrolls
 h - 2 scrolls of noise {unknown}
 k - 2 scrolls of amnesia {unknown}
 m - a scroll of teleportation {unknown}
 n - a scroll of remove curse {unknown}
Potions
 d - 2 potions of might
 e - a potion of stabbing {unknown}
 l - 2 potions of heal wounds {unknown}
Comestibles
 f - 3 rations


   Skills:
 + Level 4.6 Fighting
 + Level 4.0 Long Blades
 - Level 3.0 Armour
 - Level 3.0 Shields


You had 4 spell levels left.
You didn't know any spells.
Your spell library was empty.

Dungeon Overview and Level Annotations

Branches:
Dungeon (2/15)

Altars:
Trog


Message History

The jelly hits you but does no damage. x2
You hit the jelly.
Your hands burn!
The jelly is heavily wounded.
The jelly hits you but does no damage.
You hit the jelly but do no damage. The acid corrodes you!
Your hands burn!
The jelly is heavily wounded.
The jelly hits you.
You are splashed with acid.
You are too injured to fight recklessly!
You hit the jelly.
Your hands burn!
The jelly is almost dead.
You block the jelly's attack.
You hit the jelly.
Your hands burn!
The jelly is almost dead.
You block the jelly's attack. The jelly hits you.
You are splashed with acid.
* * * LOW HITPOINT WARNING * * *
You hit the jelly but do no damage.
Your hands burn!
* * * LOW HITPOINT WARNING * * *
The jelly is almost dead.
The jelly hits you.
You die...

#.....#
##.....####.######.
#....####.......#
#.#### #.
#.#....##.......#
#.##.###.
#.#.#.###.......#
#.#...... #.#.#.#
#.......# #.##.####
#.#.#.# #....####
#.##.# #..#..#
#....'..###.##.#
#.###(#
########.##.##(#
#..#.##
##@..)..###.##.#
#.#.## #J#######
#..#.#
#.######...J.PJ..
##.#.#
#(....##...PJP÷..
#.#.#
########....J..P.
#.#.# #÷÷..÷....
##.#.# #.÷.P...P.
#..#.### #....÷P..)
#....#.##
##########
###.....#


You could see a jelly.

Vanquished Creatures
  2 jellies (D:2)
  An adder (D:2)
  7 oozes (D:2)
  2 dart slugs
  A worm (D:2)
  A leopard gecko (D:1)
  A ball python (D:1)
  10 bats
  2 giant cockroaches
  3 goblins
  2 hobgoblins
  16 kobolds
  2 frilled lizards
  4 rats (D:1)
  A plant (D:1)
55 creatures vanquished.

Vanquished Creatures (others)
  3 fungi (D:2)
  6 toadstools (D:2)
9 creatures vanquished.

Grand Total: 64 creatures vanquished

Notes
Turn   | Place    | Note
-------+----------+-------------------------------------------
     0 | D:1      | Faca the Human Fighter began the quest for the Orb.
     0 | D:1      | Reached XP level 1. HP: 18/18 MP: 1/1
    67 | D:1      | Reached XP level 2. HP: 22/24 MP: 2/2
   279 | D:1      | Reached XP level 3. HP: 29/29 MP: 3/3
  1094 | D:2      | Found a bloodstained altar of Trog.
  1099 | D:2      | Reached XP level 4. HP: 37/37 MP: 4/4
  1522 | D:2      | Reached XP level 5. HP: 36/42 MP: 5/5
  1552 | D:2      | HP: 2/43 [acid (5)]
  1552 | D:2      | Slain by a jelly

Levels and vault maps discovered:
D:1:      tarquinn_simple_flora_water_e, layout_rooms, serial_glass,
          glass_columns_a, glass_columns_a, chequers_serial_rivers_large_a,
          lexackson_kobold_supper
D:2:      cheibrodos_fertilizer, layout_loops_ring, st_stairs_6, bloody_trog

Skill      XL: |  1  2  3  4  5 |
---------------+----------------+-----
Long Blades    | 3 4 |  4.0
Fighting       | 4 |  4.6
Armour         | |  3.0
Shields        | |  3.0

Action                   |  1- 3 |  4- 6 || total
-------------------------+-------+-------++-------
Melee: Long sword        |   143 |    65 ||   208
  Use: Scroll            |     2 |       ||     2
  Eat: Chunk             |     1 |     1 ||     2
Armor: Scale mail        |    76 |    41 ||   117
Dodge: Dodged            |    46 |    22 ||    68
Block: Kite shield       |    78 |    36 ||   114
       Rpst.: Long sword |    23 |     7 ||    30

Table legend:
 A = Non-vault XP
 B = Vault XP
 C = Vault XP percentage of total XP
 D = Non-vault monster count
 E = Vault monster count
 F = Vault count percentage of total count
                 A         B        C        D         E       F
            +---------+---------+-------+---------+---------+-------
      Total |      65 |     160 |  71.1 |      30 |      24 |  44.4
            +---------+---------+-------+---------+---------+-------
        D:1 |      29 |      11 |  27.5 |      18 |       8 |  30.8
        D:2 |      36 |     149 |  80.5 |      12 |      16 |  57.1
            +---------+---------+-------+---------+---------+-------
